 Dungeon Crawl Stone Soup version 0.31-a0-321-g19405a7a6a (webtiles) character file.

Game seed: 6037389834279718124

101 LeprechaunX the Changeling (level 4, -2/30 HPs)
             Began as an Octopode Shapeshifter on July 18, 2023.
             Slain by Pargi (6 damage)
             ... on level 3 of the Dungeon.
             The game lasted 00:03:21 (1650 turns).

LeprechaunX the Changeling (Octopode Shapeshifter)  Turns: 1650, Time: 00:03:21

Health: -2/30      AC:  1    Str: 16    XL:     4   Next: 75%
Magic:  4/4        EV: 13    Int: 10    God:
Gold:   166        SH:  0    Dex: 12    Spells: 3/3 levels left

rFire   . .          .
                       - Unarmed
rCold   . . .        (no shield)
rNeg    . . .        j - melded +2 hat
rPois   .            (no amulet)
rElec   .            (no ring)
rCorr   .            (no ring)
SInv    .            (no ring)
Will    .....        (no ring)
Stlth   ++           (no ring)
HPRegen 0.25/turn    (no ring)
MPRegen 0.09/turn    (no ring)
                     (no ring)

%: no passive effects
@: beast-form
A: beast (slay +2), almost no armour, amphibious, 8 rings, camouflage 1,
gelatinous body 1, (nimble swimmer 1), tentacles
a: Begin Untransformation


You were on level 3 of the Dungeon.
You were a hulking beast.
You visited 1 branch of the dungeon, and saw 3 of its levels.

You collected 166 gold pieces.

Inventory:

Armour
 j - a +2 hat (melded)
Talismans
 b - a beast talisman
Wands
 k - a wand of iceblast (6)
Scrolls
 c - a scroll of enchant armour {unknown}
 d - a scroll of revelation {unknown}
 e - 4 scrolls of identify {unknown}
 f - a scroll of noise {unknown}
 g - a scroll of amnesia {unknown}
 h - a scroll of fog {unknown}
 i - a scroll of poison {unknown}
Potions
 a - a potion of lignification
 l - a potion of resistance {unknown}


   Skills:
 + Level 2.6 Fighting
 + Level 2.5 Dodging
 * Level 3.2 Unarmed Combat
 * Level 3.7 Shapeshifting


You had 3 spell levels left.
You didn't know any spells.
Your spell library contained the following spells:

 Spells                   Type           Power      Damage    Failure   Level
 Slow                     Hex            0%         N/A       36%         1
 Poisonous Vapours        Pois/Air       0%         N/A       50%         2
 Sublimation of Blood     Necr           0%         N/A       50%         2
 Wereblood                Tmut           0%         N/A       50%         2
 Confusing Touch          Hex            0%         N/A       75%         3
 Mephitic Cloud           Conj/Pois/Air  0%         N/A       75%         3
 Vampiric Draining        Necr           0%         2d6       75%         3
 Freezing Cloud           Conj/Ice/Air   0%         6-21      100%        5
 Summon Hydra             Summ           0%         N/A       100%        7


Dungeon Overview and Level Annotations

Branches:
Dungeon (3/15)

Altars:

Shops:
D:1 =

Annotations:
D:3 Pargi


Innate Abilities, Weirdness & Mutations

You are a hulking beast.
Your limbs bulge with bestial killing power. (Slay +2)
You cannot wear most types of armour.
You are amphibious.
You can wear up to eight rings at the same time.
Your skin changes colour to match your surroundings (Stealth+).
Your rubbery body absorbs attacks. (AC +1, EV +1)
((You are camouflaged when in or above water. (Stealth+)))
You have tentacles for arms and can constrict up to eight enemies at once.


Message History

You completely miss Pargi.
Pargi is lightly wounded.
Pargi bites you but does no damage. Pargi claws you but does no damage. x2
You hit Pargi.
Pargi is moderately wounded.
Pargi bites you but does no damage. Pargi claws you but does no damage. x2
You hit Pargi.
Pargi is moderately wounded.
Pargi bites you but does no damage. Pargi claws you but does no damage.
Pargi claws you.
* * * LOW HITPOINT WARNING * * *
You closely miss Pargi.
Pargi is moderately wounded.
Pargi bites you but does no damage. Pargi claws you but does no damage.
Pargi claws you.
* * * LOW HITPOINT WARNING * * *
You completely miss Pargi.
Pargi is moderately wounded.
Pargi bites you but does no damage. Pargi claws you but does no damage. x2
You closely miss Pargi.
Pargi is moderately wounded.
Pargi bites you but does no damage. Pargi claws you but does no damage. x2
You hit Pargi.
Pargi is moderately wounded.
Pargi bites you but does no damage. Pargi claws you but does no damage. x2
You barely miss Pargi.
Pargi is moderately wounded.
Pargi bites you but does no damage. Pargi barely misses you.
Pargi claws you but does no damage.
You closely miss Pargi.
Pargi is moderately wounded.
You feel less wooden.
Your +2 hat unmelds from your body.
You turn into a hulking beast.
Your +2 hat melds into your body.
Pargi bites you.
* * * LOW HITPOINT WARNING * * *
Pargi barely misses you. x2
You closely miss Pargi.
Pargi is lightly wounded.
Pargi bites you.
You die...

#.##.⌠.###.⌠.##.## ##.. #.#
##.#.#.#.####.## ##... ##..
##♣#.#.###.#..# ##.8.. #..#
#.♣.###.♣.#.## ##.#... #...
♣###.###.#.#...####..†8.. ..#
##.###.#.####....#.'......
#.##.⌠.###.⌠.##...>.#.#...8..
#..##.#.###T##........##.#...
#.#....#.....#h......######.8..
#...................## ##...
#####.##########...## ##..
#####.##### ##.## ##+
#.........# #.# #.###.###.# #.#
#.# #.# ##'## ##.# #.# ##...##
# #..###.# ##.....##


You could see Pargi.

Vanquished Creatures
  Jessica (D:3)
  3 adders
  A worm (D:2)
  3 dart slugs
  5 endoplasms
  4 giant cockroaches (D:1)
  7 goblins
  2 hobgoblins
  2 quokkas (D:2)
  4 bats (D:2)
  4 frilled lizards
  A kobold (D:2)
  3 rats
40 creatures vanquished.

Notes
Turn   | Place    | Note
-------+----------+-------------------------------------------
     0 | D:1      | LeprechaunX the Octopode Shapeshifter began the quest for
                  | the Orb.
     0 | D:1      | Reached XP level 1. HP: 14/14 MP: 1/1
    52 | D:1      | Found Zymon's Jewellery Shop.
    91 | D:1      | Reached XP level 2. HP: 19/19 MP: 2/2
   485 | D:2      | Reached XP level 3. HP: 19/24 MP: 3/3
  1333 | D:3      | Noticed Jessica
  1339 | D:3      | Killed Jessica
  1340 | D:3      | Reached XP level 4. HP: 30/30 MP: 4/4
  1563 | D:3      | Noticed Pargi
  1650 | D:3      | Slain by Pargi

Illustrated notes

Levels and vault maps discovered:
D:1:      eino_arrival_druids_welcome, layout_rooms, serial_shops,
          nicolae_shop_gaudy_bauble, minmay_crystal_water
D:2:      layout_loops_ring, grunt_ministairs_8, serial_bayou_pond_c
D:3:      layout_loops_corners, grunt_decor_mini_mirrors, dk_noncrumbling_3,
          wad_floor_pattern_1, uniq_pargi, uniq_jessica

Skill      XL: |  1  2  3 |
---------------+----------+-----
Unarmed Combat | 3 |  3.2
Fighting       | |  2.6
Dodging        | |  2.5
Shapeshifting  | |  3.7

Action                     |  1- 3 |  4- 6 || total
---------------------------+-------+-------++-------
  Melee: Unarmed           |    66 |    38 ||   104
         Constrict         |    18 |     2 ||    20
         Tentacles         |    11 |       ||    11
         Punch             |     2 |     1 ||     3
    Use: Potion            |     2 |     1 ||     3
   Stab: Sleeping          |     7 |       ||     7
 Armour: Skin              |     4 |    68 ||    72
  Dodge: Dodged            |    26 |    15 ||    41
         Form:             |     1 |       ||     1
         Beast             |     1 |       ||     1

Table legend: (Time is in decaauts)
 A = Elapsed time spent in this place.
 B = Non-inter-level travel time spent in this place.
 C = Inter-level travel time spent in this place.
 D = Time resting spent in this place.
 E = Time spent auto-exploring this place.
 F = Levels seen in this place.
 G = Mean time per level.
                   A        B        C        D        E       F      G
               +--------+--------+--------+--------+--------+-----+--------+
         Total |   1643 |   1610 |     33 |     13 |   1243 |   3 |  547.7 |
       Dungeon |   1643 |   1610 |     33 |     13 |   1243 |   3 |  547.7 |
               +--------+--------+--------+--------+--------+-----+--------+

Top non-repeatable levels by time:
     D:2: 652 daAuts
     D:3: 649 daAuts
     D:1: 342 daAuts
